 Seeded DCSS version 0.27.1-34-g3ba077fa99 (webtiles) character file.

Game seed: 1 (custom seed)

9052 Kazon the Fighter (level 11, -3/92 HPs)
             Began as a Palentonga Berserker on Jan 24, 2022.
             Was an Elder of Trog.
             Slain by a sixfirhy (12 damage)
             ... in a Gauntlet.
             The game lasted 00:44:32 (5909 turns).

Kazon the Fighter (Palentonga Berserker)            Turns: 5909, Time: 00:44:34

Health: -3/92      AC: 25    Str: 22    XL:     11   Next: 18%
Magic:  11/11      EV:  5    Int:  7    God:    Trog [****..]
Gold:   618        SH: 15    Dex: 12    Spells: 10/10 levels left

rFire    . . .     SeeInvis +   v - +3 long sword (venom)
rCold    . . .     Faith    .   c - +0 tower shield
rNeg     + . .     Spirit   .   L - +0 troll leather armour
rPois    .         Reflect  .   q - +0 hat
rElec    .         Harm     .   K - +2 cloak {rCorr}
rCorr    +         Rampage  .   (no gloves)
Will     ++...     NoTele   +   x - +0 barding
Stlth    +.........             (no amulet)
HPRegen  2.25/turn              r - +4 ring of protection
MPRegen  0.12/turn              F - ring of positive energy

@: strong-willed, on berserk cooldown, regenerating, slowed, curled up, very
slow
A: large, rugged brown scales 3, see invisible, deformed body, roll 1, armoured
tail, reflexive curl
a: Rolling Charge, Renounce Religion, Berserk, Trog's Hand, Brothers in Arms


You were in a Gauntlet.
You worshipped Trog.
Trog was greatly pleased with you.
You visited 1 branch of the dungeon, and saw 10 of its levels.
You also visited: Gauntlet.

You collected 730 gold pieces.
You spent 112 gold pieces at shops.

Inventory:

Hand Weapons
 f - a +4 scimitar of flaming
 h - a +1 mace of holy wrath
 v - a +3 long sword of venom (weapon)
 I - the +9 whip of Pise {drain, Drain rF+++ Will+ Dex-3}
   (You found it on level 8 of the Dungeon)

   A truly terrible weapon, it drains the life of any living foe it strikes.
   Dex:       It affects your dexterity (-3).
   rF:        It renders you almost immune to fire.
   Drain:     It drains your maximum health when unequipped.
   Will:      It increases your willpower.
Missiles
 d - 25 poisoned darts
 o - 3 datura-tipped darts
 y - 3 boomerangs (quivered)
Armour
 c - a +0 tower shield (worn)
 q - a +0 hat (worn)
 u - the +2 scale mail "Esouste" {Str+2}
   (You found it on level 5 of the Dungeon)

   Str:       It affects your strength (+2).
 x - a +0 barding (worn)
 K - a +2 cloak of preservation (worn)
 L - a +0 troll leather armour (worn)
Jewellery
 r - a +4 ring of protection (left hand)
 F - a ring of positive energy (right hand)
Wands
 m - a wand of acid (16)
 C - a wand of mindburst (34)
 E - a wand of digging (8)
Scrolls
 b - a scroll of fog
 g - 2 scrolls of enchant weapon
 k - a scroll of teleportation
Potions
 e - 2 potions of berserk rage
 i - a potion of curing
 l - a potion of lignification
 p - a potion of resistance
 t - 6 potions of heal wounds
 z - a potion of might {unknown}
 A - a potion of ambrosia {unknown}
 B - a potion of attraction {unknown}
 D - 2 potions of mutation
 J - a potion of invisibility {unknown}


   Skills:
 * Level 8.1 Fighting
 + Level 8.1 Long Blades
 + Level 2.9 Maces & Flails
 + Level 1.9 Throwing
 * Level 6.4 Armour
 + Level 4.4 Dodging
 + Level 5.7 Shields
 * Level 6.1 Evocations


You had 10 spell levels left.
You didn't know any spells.
Your spell library was empty.

Dungeon Overview and Level Annotations

Branches:
Dungeon (11/15)            Temple (0/1) D:7         Gauntlet (1/1)
   Lair: D:8-11         Orc: D:9-12

Altars:
Makhleb
Uskayaw

Shops:
D:1 [   D:2 :   D:5 (   D:9 ?!

Annotations:
D:9 2 transporters, 1 runed translucent door, pkoi's ghost, novice DrMo Gauntlet 10 transporters, 3 runed translucent doors


Innate Abilities, Weirdness & Mutations

You are completely covered in rugged brown scales. (AC +3, +7% HP)
You have supernaturally acute eyesight. (SInv)
Armour fits poorly on your strangely shaped body.
You can roll at nearby foes to attack.
You have a long armoured tail.
You curl defensively after being hit.


Message History

You miss the sixfirhy.
The sixfirhy is lightly wounded.
You block the sixfirhy's attack.
The sixfirhy hits you but does no damage.
The sixfirhy barely misses you. The sixfirhy completely misses you.
The sixfirhy closely misses you.
Unknown command.
You miss the sixfirhy. The sixfirhy hits you! The sixfirhy shocks you!
The sixfirhy hits you but does no damage.
You block the sixfirhy's attack.
Unknown command.
You closely miss the sixfirhy.
Your tail-slap misses the sixfirhy.
The sixfirhy is lightly wounded.
The sixfirhy hits you. The sixfirhy shocks you!
The sixfirhy hits you but does no damage.
You block the sixfirhy's attack.
You hit the sixfirhy.
The sixfirhy looks even sicker.
The sixfirhy is lightly wounded.
You block the sixfirhy's attack.
The sixfirhy hits you but does no damage. x2
You block the sixfirhy's attack.
The sixfirhy hits you but does no damage.
You miss the sixfirhy.
The sixfirhy is lightly wounded.
The sixfirhy hits you! The sixfirhy shocks you!
* * * LOW HITPOINT WARNING * * *
Unknown command.
You slash the sixfirhy!
The sixfirhy looks as sick as possible!
Your tail-slap misses the sixfirhy.
The sixfirhy is moderately wounded.
The sixfirhy hits you.
* * * LOW HITPOINT WARNING * * *
The sixfirhy shocks you!
* * * LOW HITPOINT WARNING * * *
You block the sixfirhy's attack. x2
The sixfirhy hits you but does no damage.
The sixfirhy hits you.
* * * LOW HITPOINT WARNING * * *
The sixfirhy shocks you!
You die...

.©......8.....8.....8.##
#######.......©.......§#
....h2#...#########...##
#.##.h#...#....##.#...≈#
.#..#.#...##..##..#...##
.#©.#.#...###.#...#...≈#
####^.#.8.#.##.##©#.8.##
.#..#.#...#...#3###...≈#
.#^.#^#...#..##.@##...##
#.## ...#.##©.$:#...≈#


=©[! ...#########...## #### .....#.©.#.....≈# .©.# .8...#.8.#...8.## ...#
.....#.©.#......# .©.# ###########...≈ #### #.........#...# .... You could see a
sixfirhy (extremely poisoned).

Vanquished Creatures
  Erica (D:8)
  2 sixfirhies (Gauntlet)
  Maurice (D:8)
  Maggie (D:6)
  Psyche (D:8)
  2 trolls
  2 hornets
  6 slime creatures (D:9)
  A shadow (D:8)
  A vampire (D:6)
  Eustachio (D:5)
  2 wyverns (D:9)
  2 steam dragons
  A water moccasin (D:5)
  A hornet zombie (D:9)
  4 orc warriors
  3 ogres
  3 centaurs
  2 necrophages
  A kobold brigand (D:8)
  Blork the orc (D:6)
  2 bullfrogs
  A wyvern zombie (D:9)
  3 scorpions
  11 killer bees
  A howler monkey (D:5)
  A bullfrog zombie (D:5)
  A jelly (D:8)
  5 centaur zombies
  4 orc priests
  2 hounds (D:5)
  A gnoll shaman (D:9)
  2 centaur skeletons
  Jessica (D:2)
  Natasha (thrice) (D:2)
  An iguana (D:4)
  5 orc wizards
  A hound skeleton (D:4)
  2 howler monkey zombies
  5 gnolls (D:9)
  An orc zombie (D:4)
  9 adders
  A gnoll zombie (D:4)
  2 white imps
  2 adder skeletons
  2 worms (D:2)
  4 dart slugs
  25 orcs
  4 bats
  7 endoplasms
  5 giant cockroaches
  4 goblins
  10 hobgoblins
  9 jackals
  9 kobolds
  7 quokkas
  5 ball pythons
  4 frilled lizards
  A quokka skeleton (D:4)
  4 rats
206 creatures vanquished.

Vanquished Creatures (others)
  An orc (D:6)
  A kobold (D:8)
  6 fungi (D:8)
  2 toadstools (D:8)
10 creatures vanquished.

Grand Total: 216 creatures vanquished

Notes
Turn   | Place    | Note
-------+----------+-------------------------------------------
     0 | D:1      | Kazon the Palentonga Berserker began the quest for the Orb.
     0 | D:1      | Reached XP level 1. HP: 19/19 MP: 1/1
    16 | D:1      | Identified a scroll of acquirement
    16 | D:1      | Acquired a +4 ring of protection
    99 | D:1      | Found Ratsomn's Armour Emporium.
   185 | D:1      | Reached XP level 2. HP: 25/25 MP: 2/2
   454 | D:1      | Reached ** piety under Trog
   479 | D:1      | Reached XP level 3. HP: 21/31 MP: 3/3
   626 | D:2      | Found Tiozine's Book Boutique.
   701 | D:2      | Found a faded altar of an unknown god.
   706 | D:2      | Noticed Natasha
   710 | D:2      | Killed Natasha
   727 | D:2      | Reached XP level 4. HP: 22/39 MP: 4/4
   805 | D:2      | Noticed Jessica
   822 | D:2      | Killed Jessica
  1005 | D:2      | Noticed Natasha
  1012 | D:2      | Killed Natasha
  1013 | D:2      | Reached XP level 5. HP: 32/44 MP: 5/5
  1098 | D:2      | Noticed Natasha
  1114 | D:2      | Killed Natasha
  1680 | D:3      | Reached skill level 1 in Evocations
  1710 | D:3      | Reached *** piety under Trog
  1882 | D:4      | Reached XP level 6. HP: 52/52 MP: 6/6
  2000 | D:4      | Found a transporter.
  2017 | D:4      | Found a transporter.
  2157 | D:4      | Reached skill level 5 in Long Blades
  2250 | D:4      | Reached skill level 1 in Maces & Flails
  2496 | D:5      | Entered Level 5 of the Dungeon
  2496 | D:5      | Found Piat's Weapon Shoppe.
  2512 | D:5      | Identified the +2 scale mail "Esouste" {Str+2}
  2527 | D:5      | Gained mutation: You curl defensively after being hit.
                  | [Palentonga growth]
  2527 | D:5      | Reached XP level 7. HP: 58/58 MP: 7/7
  2652 | D:5      | Reached skill level 5 in Fighting
  2899 | D:5      | Reached **** piety under Trog
  2935 | D:5      | Reached skill level 1 in Shields
  2935 | D:5      | Reached XP level 8. HP: 66/66 MP: 8/8
  3120 | D:6      | Reached skill level 1 in Throwing
  3211 | D:6      | Noticed Eustachio
  3238 | D:5      | Killed Eustachio
  3270 | D:6      | Noticed Blork the orc
  3282 | D:6      | Killed Blork the orc
  3364 | D:6      | Noticed Maggie
  3379 | D:6      | Killed Maggie
  3380 | D:6      | Reached XP level 9. HP: 68/73 MP: 9/9
  3476 | D:6      | Found a hide-covered altar of Uskayaw.
  3476 | D:6      | Noticed a +0 dagger
  3476 | D:6      | Noticed a +0 short sword
  3476 | D:6      | Noticed a +0 falchion
  3477 | D:6      | Noticed a +0 spear
  3482 | D:6      | Noticed a +0 spear
  3484 | D:6      | Noticed a +0 dagger
  3484 | D:6      | Noticed a +0 short sword
  3485 | D:6      | Noticed a +0 falchion
  3869 | D:7      | You fall into a shaft and drop 1 floor!
  3870 | D:8      | Identified the +9 whip of Pise {drain, Drain rF+++ Will+
                  | Dex-3}
  3875 | D:8      | Noticed Maurice
  3876 | D:8      | Noticed Psyche
  3888 | D:8      | Killed Psyche
  3891 | D:8      | Killed Maurice
  3900 | D:8      | Reached skill level 5 in Armour
  4480 | D:7      | Found a staircase to the Ecumenical Temple.
  4741 | D:8      | Noticed Erica
  4747 | D:8      | Killed Erica
  4748 | D:8      | Reached skill level 5 in Evocations
  4748 | D:8      | Reached XP level 10. HP: 82/82 MP: 10/10
  5081 | D:9      | Found a transporter.
  5153 | D:9      | Noticed a boulder beetle
  5155 | D:9      | Found a transporter.
  5155 | D:9      | Noticed pkoi's ghost (novice DrMo)
  5157 | D:9      | Noticed a six-headed hydra
  5158 | D:9      | Noticed a skeletal warrior
  5277 | D:9      | Found a runed translucent door.
  5279 | D:9      | Found a burning altar of Makhleb.
  5279 | D:9      | Noticed a sixfirhy
  5337 | D:9      | Reached skill level 5 in Shields
  5498 | D:9      | Found Lehoa's Distillery.
  5508 | D:9      | Bought a potion of heal wounds for 70 gold pieces
  5534 | D:9      | Found Byepuemop's Magic Scroll Emporium.
  5540 | D:9      | Bought a scroll of teleportation for 42 gold pieces
  5673 | D:9      | You fall into a shaft and drop 2 floors!
  5697 | D:11     | Reached XP level 11. HP: 92/92 MP: 11/11
  5784 | D:11     | Found a gate leading to a gauntlet.
  5818 | Gauntlet | Entered a Gauntlet
  5818 | Gauntlet | Found a transporter.
  5821 | Gauntlet | Found a transporter.
  5821 | Gauntlet | Noticed a hell beast
  5822 | Gauntlet | Found a runed translucent door.
  5822 | Gauntlet | Noticed a quicksilver ooze
  5825 | Gauntlet | Found a transporter.
  5827 | Gauntlet | Found a transporter.
  5829 | Gauntlet | Noticed a death yak
  5830 | Gauntlet | Noticed a death yak
  5831 | Gauntlet | Noticed a death yak
  5832 | Gauntlet | Found a runed translucent door.
  5832 | Gauntlet | Noticed a death yak
  5834 | Gauntlet | Noticed a cacodemon
  5835 | Gauntlet | Found a transporter.
  5835 | Gauntlet | Found a transporter.
  5836 | Gauntlet | Found a transporter.
  5837 | Gauntlet | Found a transporter.
  5844 | Gauntlet | Found a runed translucent door.
  5870 | Gauntlet | Noticed a sixfirhy
  5871 | Gauntlet | Noticed a sixfirhy
  5872 | Gauntlet | Found a transporter.
  5874 | Gauntlet | Noticed a sixfirhy
  5882 | Gauntlet | Found a transporter.
  5882 | Gauntlet | Found a transporter.
  5892 | Gauntlet | Killed a sixfirhy
  5893 | Gauntlet | Killed a sixfirhy
  5898 | Gauntlet | Identified the ring "Zomnaicy" {rF+ rN+}
  5909 | Gauntlet | Slain by a sixfirhy

Illustrated notes

Levels and vault maps discovered:
D:1:      co_arrival_square_in_a_square_in_a_square, layout_loops_ring,
          serial_shops, nicolae_shop_temple_entry_statues_fountains
D:2:      layout_loops_ring, serial_shops, shop_fountains,
          basic_ecumenical_altar, uniq_jessica, uniq_natasha
D:3:      layout_loops_cross, minmay_ruptured
D:4:      gammafunk_cloud_chamber, layout_basic
D:5:      layout_gridville, serial_shops, shop_fountains, minmay_crystal_water
D:6:      layout_rooms, nicolae_uskayaw_en_pointe,
          amcnicky_mini_rare_corridor_liquid, uniq_blork_the_orc, uniq_maggie,
          uniq_eustachio
D:7:      layout_loops_corners, temple_fountains, kennysheep_small_spiral
D:8:      layout_cave_pools, minmay_gold_behind_fungi, st_stairs_14,
          uniq_maurice, uniq_erica, uniq_psyche
D:9:      layout_cave_pools, mainiacjoe_overflow_two_lobes,
          nzn_makhleb_speed_demon, gammafunk_ghost_arena, serial_shops,
          nicolae_lakefront_shop, grunt_ministairs_3, kennysheep_small_circle
D:11:     layout_layer_cave, gauntlet_entry_generic,
          nicolae_yredelemnul_corpse_copse
Gauntlet: minmay_gauntlet_mixed_oops_all_seconds [minmay_gauntlet_arena_77_path,
          nicolae_gauntlet_arena_quarters, minmay_gauntlet_arena_77_fan,
          nicolae_gauntlet_arena_flowing_pool,
          minmay_gauntlet_arena_77_shame_cube, gammafunk_gauntlet_arena_teeth,
          nicolae_gauntlet_exit_dead_adventurers]

Skill      XL: |  1  2  3  4  5  6  7  8  9 10 |
---------------+-------------------------------+-----
Fighting       | 4 5 6 8 |  8.1
Long Blades    | 4 5 6 7 8 |  8.1
Dodging        | 2 3 4 |  4.4
Evocations     | 1 2 3 5 6 |  6.1
Armour         | 2 3 4 5 6 |  6.4
Maces & Flails | 1 2 |  2.9
Shields        | 1 2 4 5 |  5.7
Throwing       | 1 |  1.9

Action                   |  1- 3 |  4- 6 |  7- 9 | 10-12 || total
-------------------------+-------+-------+-------+-------++-------
Melee: Falchion          |    86 |   123 |       |       ||   209
       Tailslap          |     8 |    21 |    26 |    31 ||    86
       Long sword        |       |    45 |   199 |   160 ||   404
       Mace              |       |     5 |    15 |    20 ||    40
       Scimitar          |       |       |       |     2 ||     2
Throw: Stone             |     1 |     8 |    12 |       ||    21
       Dart              |       |    10 |     8 |    13 ||    31
       Boomerang         |       |       |     2 |     3 ||     5
Invok: Berserk           |     1 |     4 |     8 |     4 ||    17
       Trog's Hand       |       |     1 |     3 |     2 ||     6
       Brothers in Arms  |       |       |       |     1 ||     1
 Abil: Rolling Charge    |    17 |    36 |    27 |    13 ||    93
  Use: Scroll            |     1 |       |       |    10 ||    11
Armor: Animal skin       |    35 |     6 |       |       ||    41
       Robe              |       |    64 |       |       ||    64
       Scale mail        |       |       |   160 |    39 ||   199
       Troll leather arm |       |       |       |   167 ||   167
Dodge: Dodged            |    43 |    71 |    20 |    52 ||   186
Block: Tower shield      |       |       |   233 |   232 ||   465
       Rpst.: Falchion   |    14 |    23 |       |       ||    37
       Long sword        |       |     6 |     3 |    11 ||    20
